AoeStats
← Terran-test

Arena

505498663Analyzed
1v1 RM · 21d ago on Sep 9, 2026· 51m 10s· 2 players
Game mode
Random Map
Map size
Tiny (2 player)
Population
200
Speed
Normal
Resources
Standard
Victory
Conquest
Starting age
Dark Age
Ending age
Imperial Age
RankedLock teamsTeams togetherTeam positionsShared explorationLock speedFull tech treeHidden civsTurbo modeCheats
Victory
Defeat
🇨🇱 Slavs · Chile
469
+16
🇨🇴 Vietnamese · Colombia
466
-22
soystaxy
11:50 Feudal Age
12:37 Double-Bit Axe
12:44 Gold Mining
18:35 Wheelbarrow
20:08 Horse Collar
20:54 Loom
24:28 Castle Age
22:32 Loom
23:16 Fletching
23:30 Padded Archer Armor
24:11 Forging
25:19 Bow Saw
25:17 Heavy Plow
26:16 Hand Cart
26:55 Stone Mining
27:46 Crossbowman
28:38 Thumb Ring
28:48 Thumb Ring
30:04 Ballistics
30:36 Scale Mail Armor
30:55 Leather Archer Armor
31:56 Pikeman
33:29 Stone Shaft Mining
33:39 Fortified Wall
39:31 Imperial Age
36:59 Town Watch
37:42 Town Watch
38:31 Town Patrol
39:53 Elite Battle Elephant
41:29 Bodkin Arrow
42:04 Ring Archer Armor
41:40 Scale Barding Armor
43:45 Chemistry
43:51 Crop Rotation
43:45 Siege Engineers
44:47 Two-Man Saw
46:17 Elite Skirmisher
Terran-test
10:56 Feudal Age
12:24 Wheelbarrow
13:11 Wheelbarrow
15:18 Double-Bit Axe
15:38 Horse Collar
15:52 Gold Mining
20:12 Castle Age
18:24 Stone Mining
19:49 Fletching
22:59 Heavy Plow
27:19 Gold Shaft Mining
30:15 Hand Cart
35:07 Imperial Age
33:47 Forging
33:43 Scale Barding Armor
35:53 Iron Casting
35:38 Chain Barding Armor
35:18 Loom
36:15 Town Watch
37:39 Blast Furnace
38:19 Bloodlines
38:10 Husbandry
37:41 Cavalier
37:41 Light Cavalry
39:01 Plate Barding Armor
38:48 Herbal Medicine
39:33 Bow Saw
41:46 Onager
44:18 Elite Boyar
44:23 Heavy Scorpion
46:27 Chemistry
45:25 Murder Holes
45:42 Masonry
45:42 Fortified Wall
45:55 Ballistics
45:42 Siege Engineers
45:42 Pikeman
46:23 Squires
46:51 Capped Ram
48:46 Siege Ram
Connection lost

Rejoining the realm…

Still unreachable

The connection could not be restored.

Session expired

The server has moved on; the page needs a fresh start.